Map: Abyssal Reef LE

Players

Railgan - Winner!

  • Race: Zerg Zerg
  • League: Grandmaster
  • Spawn Location: 11:00

Forescene

  • Race: Zerg Zerg
  • League: Master
  • Spawn Location: 5:00

VOD

Have the link to the VOD?

Description

Time

  • Played on: Feb. 27, 2017, 3:03 p.m.
  • Length: 6:03
Show
View Real Time Build Order
Export as new Build Order

Railgan Zerg - Winner!

Build Orders: Hatch First, Zergling Baneling 

Get SALT Encoding   

  12  0:01  Drone  
  13  0:15  Overlord  
  13  0:18  Drone  
  14  0:33  Drone  
  14  0:34  Drone  
  16  0:37  Drone  
  17  0:48  Drone  
  18  0:58  Hatchery  
  18  0:59  Drone  
  18  1:03  Extractor  
  17  1:15  Spawning Pool  
  17  1:18  Drone  
  17  1:22  Drone  
  18  1:31  Drone  
  19  1:43  Overlord  
  19  1:53  Drone  
  20  2:02  Queen  
  20  2:05  Zergling x2  
  23  2:10  Drone, Queen  
  23  2:14  Zergling x2  
  23  2:15  Metabolic Boost  
  27  2:22  Drone  
  28  2:27  Drone  
  29  2:33  Drone  
  30  2:37  Drone  
  30  2:38  Queen  
  33  2:44  Overlord  
  33  2:45  Baneling Nest  
  33  2:50  Drone  
  33  2:56  Zergling x2  
  34  3:00  Drone  
  34  3:10  Hatchery  
  33  3:14  Drone  
  33  3:15  Drone  
  35  3:21  Zergling x4  
  35  3:22  Zergling x2  
  37  3:28  Zergling x4  
  37  3:30  Baneling x2  
  37  3:32  Zergling x2  
  40  3:36  Zergling x2  
  40  3:40  Baneling x4  
  41  3:48  Zergling x4  
  39  3:49  Zergling x4  
  39  3:54  Zergling x6  
  40  4:00  Baneling x2  
  39  4:04  Zergling x2  
  39  4:05  Zergling x2  
  39  4:06  Zergling x4  
  39  4:07  Baneling  
  43  4:12  Zergling x4  
  43  4:14  Baneling  
  42  4:30  Zergling x2  
  42  4:31  Zergling x2  
  42  4:35  Roach Warren  
  42  4:36  Baneling x3  
  42  4:38  Drone  
  42  4:39  Overlord  
  38  4:54  Drone x2  
  38  4:55  Drone x2  
  38  4:58  Extractor  
  38  5:04  Zergling x2  
  38  5:05  Zergling x8  
  42  5:14  Baneling  
  42  5:15  Roach x3  
  42  5:20  Drone  
  49  5:33  Overlord  
  49  5:35  Overlord  
  49  5:42  Drone  
  48  5:50  Drone  
Show
View Real Time Build Order
Export as new Build Order

Forescene Zerg 

Build Orders: Hatch First, Zergling Baneling 

Get SALT Encoding   

  12  0:00  Drone  
  13  0:13  Overlord  
  13  0:17  Drone  
  14  0:31  Drone x2  
  14  0:35  Drone  
  17  0:54  Hatchery  
  17  0:55  Drone  
  17  0:59  Drone  
  17  1:02  Extractor  
  17  1:15  Spawning Pool  
  17  1:18  Drone  
  17  1:21  Drone  
  18  1:28  Drone  
  19  1:39  Overlord  
  19  2:01  Queen  
  19  2:02  Metabolic Boost  
  19  2:04  Zergling x4  
  19  2:07  Queen  
  25  2:10  Drone  
  25  2:14  Drone  
  27  2:17  Drone  
  28  2:25  Baneling Nest  
  28  2:27  Drone  
  28  2:32  Drone  
  29  2:37  Overlord  
  30  2:44  Zergling x4  
  31  2:54  Zergling x2  
  32  2:59  Zergling x2  
  33  3:05  Zergling x2  
  33  3:06  Zergling x2  
  33  3:11  Baneling x4  
  35  3:13  Zergling x4  
  35  3:14  Zergling x4  
  35  3:17  Overlord  
  39  3:22  Zergling x6  
  39  3:25  Zergling x2  
  43  3:30  Zergling x2  
  43  3:43  Zergling x4  
  42  3:50  Zergling x6  
  42  3:52  Baneling x3  
  42  3:54  Zergling x4  
  38  4:03  Zergling x4  
  37  4:12  Zergling x2  
  37  4:21  Zergling x8  
  41  4:27  Hatchery  
  37  4:31  Baneling x3  
  37  4:34  Zergling x6  
  40  4:43  Drone x3  
  41  4:52  Baneling  
  41  4:57  Drone  
  41  4:58  Drone x3  
  42  5:13  Drone  
  42  5:14  Drone x4  
  46  5:15  Extractor  
  46  5:17  Extractor, Roach Warren  
  43  5:21  Baneling x2  
  43  5:28  Overlord  
  43  5:29  Drone  
  43  5:30  Drone  
  43  5:31  Drone  
  46  5:39  Drone  
Tags
 
Add a new tag
Caveats
  • Supply blocks, unpowered buildings, or Contaminate may cause inaccurate times.
  • Supply counts are checked every 10 seconds.